Map: Cyber Forest LE

Players

SandboX

  • Race: Zerg Zerg
  • League: Gold
  • Spawn Location: 11:00

soO - Winner!

  • Race: Protoss Protoss
  • League: Diamond
  • Spawn Location: 5:00

VOD

Have the link to the VOD?

Description

Time

  • Played on: Aug. 11, 2019, 5:03 p.m.
  • Length: 8:58
Show
View Real Time Build Order
Export as new Build Order

SandboX Zerg 

Build Orders: Hatch First 

Get SALT Encoding   

  12  0:01  Drone  
  13  0:12  Overlord  
  13  0:17  Drone  
  14  0:31  Drone x2  
  16  0:37  Drone  
  17  0:53  Hatchery  
  16  0:57  Drone  
  16  1:01  Drone  
  18  1:13  Extractor  
  18  1:18  Spawning Pool  
  16  1:27  Drone x2  
  18  1:44  Drone x2  
  20  1:55  Overlord  
  20  2:09  Zergling x2  
  20  2:10  Zergling x2, Queen  
  20  2:11  Queen  
  26  2:26  Drone x3  
  28  2:32  Drone  
  29  2:39  Drone x2  
  31  2:54  Hatchery  
  30  2:58  Drone x2  
  30  2:59  Drone  
  30  3:02  Overlord  
  33  3:12  Zergling x4  
  35  3:24  Spine Crawler  
  35  3:26  Zergling x2, Spine Crawler  
  34  3:29  Spine Crawler  
  32  3:37  Zergling x10  
  37  4:03  Zergling x12  
  37  4:09  Roach Warren  
  42  4:16  Drone x3  
  45  4:26  Drone x5  
  50  4:40  Overlord x3  
  50  4:58  Queen  
  52  5:02  Drone x9  
  61  5:13  Extractor  
  60  5:16  Extractor  
  59  5:29  Drone  
  59  5:30  Drone x13  
  67  5:57  Drone  
  67  5:58  Drone x5  
  67  6:00  Overlord x2  
  67  6:01  Overlord x3  
  73  6:06  Extractor  
  73  6:10  Extractor  
  71  6:13  Extractor  
  70  6:19  Lair  
  70  6:27  Evolution Chamber  
  70  6:30  Evolution Chamber  
  68  6:33  Drone x11  
  68  6:34  Drone  
  80  6:41  Roach  
  82  6:57  Zerg Ground Armor Level 1, Zerg Missile Weapons Level 1  
  82  6:59  Roach x7  
  96  7:14  Overlord x4  
  96  7:25  Roach  
  92  7:32  Overlord  
  92  7:33  Overlord x7  
  92  7:43  Roach x3  
  96  7:45  Roach  
  96  7:51  Roach x10  
  107  8:01  Roach  
  107  8:02  Roach  
  101  8:09  Roach x3  
  95  8:22  Roach x11  
  99  8:29  Roach x2  
Show
View Real Time Build Order
Export as new Build Order

soO Protoss - Winner!

Build Orders:  

Get SALT Encoding   

  12  0:01  Probe  
  13  0:14  Probe  
  14  0:26  Pylon  
  14  0:29  Probe  
  15  0:40  Probe  
  16  0:51  Probe  
  16  0:53  Gateway  
  17  1:09  Assimilator  
  17  1:10  Probe  
  18  1:30  Assimilator  
  18  1:31  Probe  
  19  1:43  Zealot  
  19  1:46  Gateway  
  21  1:50  Cybernetics Core  
  21  2:03  Probe  
  21  2:04  Pylon  
  22  2:11  Probe  
  22  2:21  Probe  
  23  2:25  Nexus  
  23  2:26  Adept  
  26  2:33  Adept  
  28  2:52  Warp Gate  
  28  2:53  Shield Battery  
  28  2:56  Shield Battery  
  28  3:04  Pylon  
  28  3:21  Stalker  
  28  3:22  Stalker  
  32  3:27  Robotics Facility  
  32  4:07  Stalker x2, Probe  
  32  4:10  Probe  
  32  4:15  Probe  
  34  4:18  Probe  
  36  4:25  Probe  
  36  4:27  Probe  
  38  4:35  Immortal  
  38  4:37  Probe  
  41  4:39  Probe  
  46  4:49  Probe  
  46  4:51  Probe  
  48  4:56  Pylon  
  48  4:59  Forge  
  48  5:01  Probe  
  48  5:03  Stalker  
  48  5:04  Warp Prism  
  49  5:09  Sentry  
  51  5:20  Gateway  
  53  5:23  Gateway  
  53  5:26  Protoss Ground Weapons Level 1  
  53  5:28  Adept  
  55  5:37  Twilight Council  
  55  5:40  Probe x2  
  57  5:52  Probe  
  56  5:57  Adept x2  
  60  6:08  Pylon  
  60  6:10  Assimilator  
  60  6:11  Assimilator  
  60  6:14  Probe x2  
  62  6:26  Probe x2  
  62  6:31  Pylon x3  
  64  6:38  Probe x2, Shield Battery  
  66  6:41  Shield Battery  
  66  6:43  Adept x2  
  70  7:01  Pylon  
  70  7:08  Resonating Glaives  
  70  7:14  Adept x4  
  74  7:42  Stalker x3  
  74  7:43  Stalker  
  82  7:47  Immortal  
  74  8:24  Stalker x3  
  74  8:25  Stalker  
  78  8:50  Stalker x4  
Tags
 
Add a new tag
Caveats
  • Supply blocks, unpowered buildings, or Contaminate may cause inaccurate times.
  • Supply counts are checked every 10 seconds.